 Dungeon Crawl Stone Soup version 0.26-a0-30-g56b8cd3df0 (webtiles) character file.

Game seed: 10484744129693456558, levelgen mode: deterministic

4 Lanoc the Slasher (level 1, -3/11 HPs)
             Began as a Vine Stalker Berserker on June 3, 2020.
             Was a Follower of Trog.
             Shot with a stone by a goblin (5 damage)
             ... on level 3 of the Dungeon.
             The game lasted 00:00:34 (132 turns).

Lanoc the Slasher (Vine Stalker Berserker)           Turns: 132, Time: 00:00:35

Health: -3/11      AC:  2    Str: 19    XL:     1   Next: 60%
Magic:  0/2        EV: 12    Int:  7    God:    Trog [*.....]
Gold:   28         SH:  0    Dex: 13    Spells: 0/0 levels left

rFire    . . .     SeeInvis .   a - +0 falchion
rCold    . . .     Gourm    .   (no shield)
rNeg     . . .     Faith    .   b - +0 animal skin
rPois    .         Spirit   +   (no helmet)
rElec    .         Reflect  .   (no cloak)
rCorr    .         Harm     .   (no gloves)
MR       .....                  (no boots)
Stlth    +.........             (no amulet)
HPRegen  0.03/turn              (no ring)
MPRegen  0.08/turn              (no ring)

@: berserk cooldown
A: fangs 2, magic shield, antimagic bite, no potion heal 3, rot immunity
a: Berserk, Renounce Religion


You were on level 3 of the Dungeon.
You worshipped Trog.
Trog was aware of your devotion.
You were not hungry.

You visited 1 branch of the dungeon, and saw 3 of its levels.

You collected 28 gold pieces.

Inventory:

Hand Weapons
 a - a +0 falchion (weapon)
Armour
 b - a +0 animal skin (worn)
Scrolls
 e - a scroll of identify {unknown}
Potions
 d - 2 potions of stabbing {unknown}
Comestibles
 c - 2 rations
 f - 5 chunks of flesh


   Skills:
 + Level 2.7 Fighting
 * Level 2.8 Long Blades
 + Level 1.6 Armour
 + Level 1.6 Dodging


You couldn't memorise any spells.
You didn't know any spells.
Your spell library was empty.

Dungeon Overview and Level Annotations

Branches:
Dungeon (3/15)

Altars:


Innate Abilities, Weirdness & Mutations

You have extremely sharp teeth.
When hurt, damage is shared between your health and your magic reserves.
Your bite disrupts and absorbs the magic of your enemies.
Potions cannot restore your health.
You are immune to rotting.


Message History

You see here a rat skeleton.
There is a stone staircase leading down here.
You climb downwards.
Found 21 gold pieces.
There is a stone staircase leading up here.
A worm comes into view.
You see here 7 gold pieces.
You see here 14 gold pieces.
You slash the worm! You bite the worm. You drain its power.
The worm is severely wounded.
You feel yourself speed up. The worm bites you!
Ouch! That really hurt!
* * * LOW HITPOINT WARNING * * *
You see here 7 gold pieces.
There is a stone staircase leading up here.
A goblin and an orc priest come into view.
The goblin wields a +0 hunting sling.
The goblin shoots a stone.
The stone hits you.
You die...

.. #.....# . ...
#.....# ...... #.....#
......####.....###
..................
....g ...#.....#
......##.#.....#
.......@...w...# .
######.##.<....###....
#. #....$$....... ..
###..##....... ...
##.......... ....
###...##... o.... ...#
.. ...... #... . ..#


You could see a worm, an orc priest (asleep) and a goblin.

Vanquished Creatures
  A hobgoblin (D:2)
  A ball python (D:2)
  3 rats (D:2)
5 creatures vanquished.

Notes
Turn   | Place    | Note
-------+----------+-------------------------------------------
     0 | D:1      | Lanoc the Vine Stalker Berserker began the quest for the
                  | Orb.
     0 | D:1      | Reached XP level 1. HP: 11/11 MP: 2/2
   132 | D:3      | Noticed an orc priest
   132 | D:3      | Shot with a stone by a goblin

Illustrated notes

Levels and vault maps discovered:
D:1:      dpeg_arrival_snail, layout_basic, chequers_mini_garden,
          minmay_misc_feat_columns
D:2:      minmay_razor_zed, layout_basic, grunt_temple_overflow_holy_war,
          st_stairs_12
D:3:      layout_rooms, lemuel_zombie_altar_kikubaaqudgha,
          chequers_ecumenical_altar_simple, uniq_grinder, uniq_terence,
          uniq_robin

Action                   || total
-------------------------++-------
Melee: Falchion          ||     7
       Bite              ||     2
Invok: Berserk           ||     1
 Stab: Sleeping          ||     1
Dodge: Dodged            ||     3
       Rpst.: Falchion   ||     1

Table legend:
 A = Non-vault XP
 B = Vault XP
 C = Vault XP percentage of total XP
 D = Non-vault monster count
 E = Vault monster count
 F = Vault count percentage of total count
                 A         B        C        D         E       F
            +---------+---------+-------+---------+---------+-------
      Total |       6 |       0 |   0.0 |       5 |       0 |   0.0
            +---------+---------+-------+---------+---------+-------
        D:2 |       6 |       0 |   0.0 |       5 |       0 |   0.0
            +---------+---------+-------+---------+---------+-------
